 Dungeon Crawl Stone Soup version 0.21.1-1-g345015f (webtiles) character file.

913 iamserjio the Ducker (level 8, -2/57 HPs)
             Began as an Octopode Monk on Apr 7, 2018.
             Was a Believer of Dithmenos.
             Slain by an orc warrior
             ... wielding a +0 hand axe
              (18 damage)
             ... on level 5 of the Dungeon.
             The game lasted 00:24:28 (6100 turns).

iamserjio the Ducker (Octopode Monk)                Turns: 6100, Time: 00:24:29

Health: -2/57      AC:  1    Str: 11    XL:     8   Next: 9%
Magic:  9/9        EV: 17    Int: 12    God:    Dithmenos [**....]
Gold:   279        SH:  0    Dex: 16    Spells: 7/7 levels left

rFire    . . .     SeeInvis +   s - +3 falchion
rCold    . . .     Gourm    .   (no shield)
rNeg     . . .     Faith    .   (helmet restricted)
rPois    +         Spirit   .   (no amulet)
rElec    .         Reflect  .   q - ring of see invisible
rCorr    .         Harm     .   t - ring of poison resistance
MR       .....                  h - ring of stealth
Stlth    +++++++...             (no ring)
HPRegen  0.19/turn              (no ring)
MPRegen  0.11/turn              (no ring)
                                (no ring)
                                (no ring)

@: about to teleport, wreathed by umbra
A: almost no armour, stealthy swim, amphibious, 8 rings, constrict 8, camouflage
1, gelatinous body 1
a: Shadow Step, Renounce Religion


You were on level 5 of the Dungeon.
You worshipped Dithmenos.
Dithmenos was pleased with you.
You were not hungry.

You visited 2 branches of the dungeon, and saw 7 of its levels.

You collected 279 gold pieces.

Inventory:

Hand Weapons
 s - a +3 falchion (weapon)
 v - a +2 hunting sling of freezing
 w - a +3 halberd
Missiles
 u - 43 sling bullets
Jewellery
 h - a ring of stealth (on tentacle)
 q - a ring of see invisible (left tentacle)
 t - a ring of poison resistance (right tentacle)
Wands
 y - a wand of disintegration (10)
 z - a wand of paralysis (11)
Scrolls
 c - a scroll of random uselessness {unknown}
 d - a scroll of fog {unknown}
 e - a scroll of identify
 f - 2 scrolls of fear {unknown}
 k - 4 scrolls of teleportation
 n - 4 scrolls of remove curse
 o - 2 scrolls of enchant weapon {unknown}
Potions
 g - a potion of brilliance
 j - a potion of ambrosia {unknown}
 l - 3 potions of haste
 m - a potion of might
 p - 2 potions of degeneration
 x - a potion of flight
Books
 r - a book of Cantrips

   Spells                             Type                      Level
   a - Confusing Touch                Hexes                        1
   b - Animate Skeleton               Necromancy                   1
   c - Summon Small Mammal            Summoning                    1
   d - Apportation                    Translocation                1
Comestibles
 a - 7 chunks of flesh
 b - 10 rations


   Skills:
 * Level 6.1 Fighting
   Level 3.0(3.3) Short Blades
 + Level 1.7(2.6) Long Blades
 * Level 6.1 Dodging
 + Level 6.0 Stealth
 + Level 1.3 Invocations


You had 7 spell levels left.
You didn't know any spells.

Dungeon Overview and Level Annotations

Branches:
Dungeon (6/15)             Temple (1/1) D:4

Altars:
Dithmenos
Elyvilon
Fedhas
Makhleb
Nemelex Xobeh
Ru
Sif Muna
Uskayaw
Yredelemnul
Zin
The Shining One

Shops:
D:6 (

Annotations:
D:3 Totori's ghost, amateur TrMo
D:4 vatarom's ghost, amateur GnWn
D:5 Grinder; iamserjio's ghost, novice OpMo
D:6 Sigmund


Innate Abilities, Weirdness & Mutations

You cannot wear most types of armour.
You are very stealthy in the water. (Stealth+)
You are amphibious.
You can wear up to eight rings at the same time.
You can use your tentacles to constrict eight enemies at once.
Your skin changes colour to match your surroundings (Stealth+).
Your rubbery body absorbs attacks. (AC +1, EV +1)


Message History

The orc wizard mumbles some strange words.
The orc wizard blinks!
You release your grip on the orc warrior.
There is a stone staircase leading up here.
The orc wizard casts a spell.
The orc wizard blinks!
You climb upwards.
Level annotation: Grinder; iamserjio's ghost, novice OpMo Iamserjio's ghost hits you.
A slave comes into view.
There is a stone staircase leading down here.
As you read the scroll of teleportation, it crumbles to dust.
You feel strangely unstable.
The orc warrior hits you with a hand axe!!
* * * LOW HITPOINT WARNING * * *
Iamserjio's ghost hits you but does no damage.
The slave shouts!
You feel better.
The orc warrior hits you with a hand axe!!
You die...

########. ###........
##.#.# .##.
##....###.^..
######.....#.^.$..
#@W...............
#..p..o######.#........
#.###### #.#.....^.^
#.........^
##'.....^...
##....^......
##..(.........
##.W...........
###..............


You could see an orc warrior, a slave and iamserjio's ghost.

Vanquished Creatures
  Duvessa (D:4)
  A slave (D:6)
  2 ogres (D:6)
  Blork the orc (D:4)
  Dowan (D:4)
  2 scorpions
  A crimson imp (D:6)
  A hound (D:4)
  3 orc priests
  An orc wizard (D:4)
  2 worker ants
  8 gnolls
  3 adders
  An ooze (D:3)
  3 adder zombies
  A worm (D:3)
  2 leopard geckos (D:4)
  8 orcs
  3 ball pythons
  2 giant cockroaches
  A goblin (D:3)
  4 hobgoblins
  2 jackals (D:6)
  2 kobolds (D:1)
  2 quokkas
  13 bats
  3 frilled lizards
  2 leopard gecko skeletons
  A quokka skeleton (D:2)
  2 rats
79 creatures vanquished.

Notes
Turn   | Place    | Note
-------+----------+-------------------------------------------
     0 | D:1      | iamserjio the Octopode Monk began the quest for the Orb.
     0 | D:1      | Reached XP level 1. HP: 16/16 MP: 1/1
   333 | D:1      | Reached XP level 2. HP: 21/21 MP: 2/2
   690 | D:2      | Found a hide-covered altar of Uskayaw.
   816 | D:2      | Reached XP level 3. HP: 19/26 MP: 3/3
  1203 | D:2      | Found a faded altar of an unknown god.
  1232 | D:2      | Reached XP level 4. HP: 9/33 MP: 4/4
  1595 | D:2      | Found a basalt altar of Yredelemnul.
  1711 | D:3      | Noticed Totori's ghost (amateur TrMo)
  2101 | D:3      | Found a burning altar of Makhleb.
  2157 | D:3      | Found a glowing golden altar of the Shining One.
  2170 | D:3      | Reached XP level 5. HP: 16/37 MP: 5/5
  2421 | D:3      | Found a glowing silver altar of Zin.
  3177 | D:4      | Reached XP level 6. HP: 36/44 MP: 6/6
  3447 | D:4      | Noticed vatarom's ghost (amateur GnWn)
  3459 | D:4      | Noticed Blork the orc
  3475 | D:4      | Killed Blork the orc
  3475 | D:4      | Reached skill level 5 in Fighting
  3475 | D:4      | Reached skill level 5 in Dodging
  3572 | D:4      | Found a staircase to the Ecumenical Temple.
  3585 | Temple   | Entered the Ecumenical Temple
  3682 | Temple   | Became a worshipper of Dithmenos the Shadowed
  3682 | Temple   | Reached * piety under Dithmenos
  3682 | Temple   | Reached ** piety under Dithmenos
  3942 | D:4      | Reached skill level 5 in Stealth
  3944 | D:4      | Reached XP level 7. HP: 6/50 MP: 7/7
  4550 | D:4      | Noticed Duvessa
  4990 | D:4      | Noticed Dowan
  4999 | D:4      | Killed Duvessa
  5009 | D:4      | Killed Dowan
  5242 | D:5      | Entered Level 5 of the Dungeon
  5242 | D:5      | Noticed Grinder
  5255 | D:5      | Paralysed by Grinder for 4 turns
  5276 | D:5      | Noticed iamserjio's ghost (novice OpMo)
  5688 | D:5      | Reached skill level 1 in Long Blades
  5724 | D:6      | Noticed Sigmund
  5786 | D:6      | Reached skill level 1 in Invocations
  5894 | D:6      | Found Apuosura's Antique Weapon Shoppe.
  6018 | D:6      | Reached XP level 8. HP: 54/57 MP: 8/8
  6100 | D:5      | Slain by an orc warrior

Skill      XL: |  1  2  3  4  5  6  7  8 |
---------------+-------------------------+-----
Stealth        | 3 4 5 6 |  6.0
Fighting       | 4 5 6 |  6.1
Dodging        | 4 5 6 |  6.1
Long Blades    | 1 |  1.7
Invocations    | 1 |  1.3
Short Blades   | |  3.0

Action                   |  1- 3 |  4- 6 |  7- 9 || total
-------------------------+-------+-------+-------++-------
Melee: Short sword       |    21 |       |       ||    21
       Constrict         |    11 |    27 |    12 ||    50
       Tentacles         |    10 |    22 |    18 ||    50
       Whip              |    33 |       |       ||    33
       Falchion          |       |    80 |    63 ||   143
  Use: Scroll            |       |     1 |     9 ||    10
       Potion            |       |       |     4 ||     4
 Stab: Sleeping          |     6 |     6 |     1 ||    13
       Distracted        |       |     1 |       ||     1
  Eat: Chunk             |       |     9 |       ||     9
       Ration            |       |       |     2 ||     2
Armor: Skin              |     1 |     8 |     3 ||    12
Dodge: Dodged            |    40 |    72 |    55 ||   167
       Rpst.: Falchion   |       |    22 |    19 ||    41
